 Dungeon Crawl Stone Soup version 0.25-a0-365-g7600c65aa0 (webtiles) character file.

Game seed: 12340381424761417469, levelgen mode: deterministic

511 LordFoom the Conjurer (level 6, -1/34 HPs)
             Began as a Deep Elf Wizard on Jan 5, 2020.
             Slain by an ice beast (14 damage)
             ... on level 5 of the Dungeon.
             The game lasted 00:26:20 (5274 turns).

LordFoom the Conjurer (Deep Elf Wizard)             Turns: 5274, Time: 00:26:20

Health: -1/34      AC:  5    Str:  6    XL:     6   Next: 99%
Magic:  3/15       EV: 13    Int: 28    God:
Gold:   116        SH:  0    Dex: 13    Spells: 4/15 levels left

rFire    . . .     SeeInvis +   a - +2 dagger (venom)
rCold    . . .     Gourm    .   (no shield)
rNeg     . . .     Faith    .   m - +0 robe
rPois    .         Spirit   .   r - +0 helmet
rElec    .         Reflect  .   (no cloak)
rCorr    +         Harm     .   A - +0 pair of gloves
MR       .....                  b - +0 pair of boots
Stlth    ++........             (no amulet)
HPRegen  0.11/turn              e - ring of see invisible
MPRegen  0.14/turn              B - ring "Xaecenk" {+Inv rCorr Int+5}

@: no status effects
A: no striking features
a: Evoke Invisibility


You were on level 5 of the Dungeon.
You were not hungry.

You visited 1 branch of the dungeon, and saw 5 of its levels.
You also visited: Sewer.

You collected 116 gold pieces.

Inventory:

Hand Weapons
 a - a +2 dagger of venom (weapon)
Missiles
 f - 163 stones (quivered)
Armour
 b - a +0 pair of boots (worn)
 m - a +0 robe (worn)
 r - a +0 helmet (worn)
 A - a +0 pair of gloves (worn)
Jewellery
 e - a ring of see invisible (left hand)
 B - the ring "Xaecenk" (right hand) {+Inv rCorr Int+5}
   (You found it on level 5 of the Dungeon)

   [ring of resist corrosion]

   It affects your intelligence (+5).
   It lets you turn invisible.
   It provides partial protection from all sources of acid and corrosion.
Wands
 c - a wand of paralysis (8)
Scrolls
 g - a scroll of immolation {unknown}
 j - a scroll of noise {unknown}
 n - 3 scrolls of identify
 t - 4 scrolls of teleportation
 v - a scroll of blinking {unknown}
 x - 8 scrolls of magic mapping {unknown}
 y - a scroll of fear {unknown}
 z - a scroll of enchant weapon {unknown}
Potions
 h - a potion of lignification
 i - a potion of invisibility {unknown}
 k - 2 potions of flight {unknown}
 l - 4 potions of curing {unknown}
 o - 5 potions of magic {unknown}
 p - a potion of mutation {unknown}
 q - 2 potions of haste {unknown}
 s - 2 potions of heal wounds {unknown}
 u - 2 potions of might {unknown}
Comestibles
 d - 7 rations
 w - 2 chunks of flesh


   Skills:
 + Level 1.3 Fighting
 + Level 3.5 Dodging
 - Level 2.4 Stealth
 + Level 5.2 Spellcasting
 - Level 7.0 Conjurations
 - Level 1.1 Summonings
 - Level 1.1 Translocations


You had 4 spell levels left.
You knew the following spells:

 Your Spells              Type           Power        Failure   Level  Hunger
a - Magic Dart            Conj           ####         1%          1    None
b - Blink                 Tloc           N/A          6%          2    None
c - Call Imp              Summ           ##......     6%          2    None
d - Mephitic Cloud        Conj/Pois/Air  ###.....     8%          3    #......
e - Conjure Flame         Conj/Fire      ####....     4%          3    #......

Your spell library contained the following spells:

 Spells                   Type           Power        Failure   Level  Hunger
 Slow                     Hex            #.......     10%         2    None


Dungeon Overview and Level Annotations

Branches:
Dungeon (5/15)              Sewer (visited)
 Temple: D:4-7

Altars:
Cheibriados
Dithmenos
Fedhas
Ru
Trog

Annotations:
D:4 Grinder


Message History

The ice beast is almost dead.
The ice beast completely misses you.
Your crimson imp hits the ice beast but does no damage.
Casting: Magic Dart (safe; 1% risk of failure)
Confirm with . or Enter, or press ? or * to list all spells.
Aiming: Magic Dart (safe; 1% risk of failure)
Press: ? - help, Shift-Dir - straight line, f/p - ice beast
Aim: an ice beast (almost dead)
The magic dart hits the ice beast.
The ice beast is almost dead.
The ice beast misses you.
Casting: Magic Dart (safe; 1% risk of failure)
Confirm with . or Enter, or press ? or * to list all spells.
Aiming: Magic Dart (safe; 1% risk of failure)
Press: ? - help, Shift-Dir - straight line, f/p - ice beast
Aim: an ice beast (almost dead)
The magic dart hits the ice beast but does no damage.
The ice beast is almost dead.
The ice beast hits you. The ice beast freezes you!
You die...

......#.#.... ..#
......#......#...
....< ..#.%#.....
......#.#....#
......#.#5##.##.#
.........5......#
####.#.##.#.####
#5##.#.# #5Y@5..#
.####.#<#
........#
#########


You could see an ice beast, 2 friendly crimson imps and a friendly shadow imp.

Vanquished Creatures
  2 bullfrogs (Sewer)
  An orc wizard (D:2)
  An orc priest (D:4)
  A howler monkey skeleton (D:4)
  4 gnolls (D:3)
  8 adders
  3 river rats
  4 worms (D:3)
  3 dart slugs
  2 leopard geckos (D:2)
  3 orcs
  9 bats
  4 giant cockroaches
  13 goblins
  10 hobgoblins
  2 jackals (D:1)
  9 kobolds
  2 quokkas
  15 ball pythons
  A ball python skeleton (D:4)
  11 frilled lizards
  23 rats
131 creatures vanquished.

Vanquished Creatures (collateral kills)
  An iguana (D:3)
  An adder (D:2)
  3 river rats (Sewer)
  3 orcs (D:3)
  A bat (D:2)
  2 giant cockroaches
  4 ball pythons (Sewer)
  A kobold (D:2)
  6 rats (Sewer)
22 creatures vanquished.

Grand Total: 153 creatures vanquished

Notes
Turn   | Place    | Note
-------+----------+-------------------------------------------
     0 | D:1      | LordFoom the Deep Elf Wizard began the quest for the Orb.
     0 | D:1      | Reached XP level 1. HP: 10/10 MP: 7/7
   163 | D:1      | Reached skill level 2 in Conjurations
   256 | D:1      | Reached XP level 2. HP: 15/15 MP: 6/9
   602 | D:1      | Reached skill level 3 in Conjurations
   800 | D:1      | Reached XP level 3. HP: 11/19 MP: 6/10
   804 | D:1      | Learned a level 2 spell: Blink
   807 | D:1      | Learned a level 2 spell: Call Imp
   811 | D:1      | Learned a level 3 spell: Mephitic Cloud
  1238 | D:2      | Found a sacrificial altar of Ru.
  1246 | D:2      | Reached skill level 4 in Conjurations
  1246 | D:2      | Reached XP level 4. HP: 19/24 MP: 0/12
  1418 | D:2      | Found a snail-covered altar of Cheibriados.
  1420 | D:2      | Found a sacrificial altar of Ru.
  1634 | D:2      | Found a bloodstained altar of Trog.
  1669 | D:2      | Reached skill level 5 in Conjurations
  1865 | D:2      | Noticed an ice beast
  2044 | D:2      | Reached XP level 5. HP: 28/28 MP: 8/13
  2086 | D:2      | Learned a level 3 spell: Conjure Flame
  2743 | D:3      | Reached skill level 6 in Conjurations
  2974 | D:3      | Found a shadowy altar of Dithmenos.
  3009 | D:3      | Found a blossoming altar of Fedhas.
  3029 | D:3      | Found a faded altar of an unknown god.
  3368 | D:4      | Noticed Grinder
  3409 | D:4      | Paralysed by Grinder for 7 turns
  3820 | D:4      | Paralysed by Grinder for 4 turns
  3879 | D:4      | Found a glowing drain.
  3884 | D:4      | Reached XP level 6. HP: 32/32 MP: 8/14
  3893 | Sewer    | Entered a sewer
  4322 | Sewer    | Reached skill level 7 in Conjurations
  4629 | Sewer    | Reached skill level 1 in Fighting
  4629 | Sewer    | Reached skill level 5 in Spellcasting
  5248 | D:5      | Entered Level 5 of the Dungeon
  5250 | D:5      | Got a transparent jade ring
  5251 | D:5      | Identified the ring "Xaecenk" {+Inv rCorr Int+5} (You found
                  | it on level 5 of the Dungeon)
  5258 | D:5      | Noticed an ice beast
  5274 | D:5      | Slain by an ice beast

Levels and vault maps discovered:
D:1:      dpeg_arrival_shelter, layout_basic
D:2:      layout_basic, bloody_trog, minitemple, serial_glass, glass_columns_c,
          glass_columns_a, due_unseen_surprise,
          nicolae_ru_great_annihilating_truth
D:3:      layout_loops_ring, grunt_dithmenos_smoke_and_mirrors,
          nicolae_overflow_hidden_temple, first_ration,
          chequers_ecumenical_altar_simple_redux
D:4:      layout_cave_pools, portal_sewer_entry_b, uniq_grinder
D:5:      layout_loops_cross, serial_shops, shop, uniq_ijyb, uniq_menkaure

Skill      XL: |  1  2  3  4  5  6 |
---------------+-------------------+-----
Conjurations   | 2 3 4 5 6 7 |  7.0
Dodging        | 3 |  3.5
Fighting       | 1 |  1.3
Spellcasting   | 5 |  5.2
Stealth        | |  2.4
Summonings     | |  1.1
Translocations | |  1.1

Action                   |  1- 3 |  4- 6 || total
-------------------------+-------+-------++-------
Melee: Short sword       |     2 |       ||     2
       Dagger            |       |    19 ||    19
Throw: Stone             |       |    13 ||    13
 Cast: Magic Dart        |    71 |   224 ||   295
       Mephitic Cloud    |     1 |    11 ||    12
       Call Imp          |       |    29 ||    29
       Blink             |       |     2 ||     2
       Conjure Flame     |       |     1 ||     1
  Use: Scroll            |     1 |     2 ||     3
       Potion            |       |     1 ||     1
 Stab: Confused          |     1 |       ||     1
  Eat: Chunk             |     1 |     9 ||    10
       Ration            |       |     1 ||     1
Armor: Robe              |     2 |    11 ||    13
       Skin              |       |    12 ||    12
Dodge: Dodged            |     7 |    54 ||    61

Table legend:
 A = Non-vault XP
 B = Vault XP
 C = Vault XP percentage of total XP
 D = Non-vault monster count
 E = Vault monster count
 F = Vault count percentage of total count
                 A         B        C        D         E       F
            +---------+---------+-------+---------+---------+-------
      Total |     388 |     343 |  46.9 |      98 |      55 |  35.9
            +---------+---------+-------+---------+---------+-------
        D:1 |      52 |       0 |   0.0 |      29 |       0 |   0.0
        D:2 |      99 |      48 |  32.7 |      27 |       4 |  12.9
        D:3 |     172 |       0 |   0.0 |      35 |       0 |   0.0
        D:4 |      65 |      15 |  18.8 |       7 |       3 |  30.0
      Sewer |       0 |     280 | 100.0 |       0 |      48 | 100.0
            +---------+---------+-------+---------+---------+-------
